TOP OF THE 1ST |
Springfield Shooters batting - Pitching for Lancaster Farmers : RHP Jurgen Sagebrecht
|
Pitching: RHP Jurgen Sagebrecht
|
|
Batting: RHB Frank Crocker
|
0-0: Ball 1-0: Ball 2-0: Ball 3-0: Base on Balls
|
Batting: RHB Tom Potts
|
0-0: Ball 1-0: Called Strike 1-1: SINGLE (Groundball, 4MD) Frank Crocker to second Runner from 2nd tries for 3rd, SAFE, throw made to third
|
Batting: SHB Jared Jefferson
|
0-0: Ball 1-0: Foul Ball, location: 2F 1-1: Foul Ball, location: 2F 1-2: Fly out, F9 (Line Drive, 89M) Runner from 3rd tags up, SCORES, no throw
|
Batting: RHB Kyle Bridges
|
0-0: Ball Tom Potts steals 2nd base 1-0: SINGLE (Line Drive, 56) Tom Potts to third Runner from 3rd tries for Home, SAFE, throw made home
|
Batting: RHB Michael Hicks
|
0-0: Fly out, F8 (Flyball, 78D)
|
Batting: RHB Sergio Cortéz
|
0-0: Ball 1-0: Ball 2-0: Ball 3-0: Base on Balls Kyle Bridges to second
|
Batting: SHB Albert Santos
|
0-0: Ball 1-0: Foul Ball, location: 2F 1-1: Swinging Strike 1-2: Ball 2-2: Ground out 3-1 (Groundball, 34)
|
Top of the 1st over - 2 run(s), 2 hit(s), 0 error(s), 2 left on base; Springfield 2 - Lancaster 0 |
BOTTOM OF THE 1ST |
Lancaster Farmers batting - Pitching for Springfield Shooters : RHP Jim Unknown
|
Pitching: RHP Jim Unknown
|
|
Batting: RHB Ricardo Pacheco
|
0-0: Ball 1-0: Fly out, F8 (Line Drive, 8RM)
|
Batting: RHB Albert Díaz
|
0-0: Ball 1-0: Called Strike 1-1: SINGLE (Line Drive, 7S)
|
Batting: LHB Brad Tillman
|
0-0: Ball 1-0: Called Strike Albert Díaz is caught stealing 2nd base 1-1: Foul Ball, location: 2F 1-2: SINGLE (Groundball, 34D)
|
Batting: LHB Rob Wilson
|
0-0: Ball 1-0: SINGLE (Groundball, 4MD) Brad Tillman to second
|
Batting: SHB Janghyun Sam
|
0-0: Ball 1-0: Foul Ball, location: 2F 1-1: Foul Ball, location: 2F 1-2: Ball 2-2: SINGLE (Flyball, 6MD) Brad Tillman to third Rob Wilson to second
|
Batting: SHB Orlando Miranda
|
0-0: Called Strike 0-1: Ground out 4-3 (Groundball, 4)
|
Bottom of the 1st over - 0 run(s), 4 hit(s), 0 error(s), 3 left on base; Springfield 2 - Lancaster 0 |
TOP OF THE 2ND |
Springfield Shooters batting - Pitching for Lancaster Farmers : RHP Jurgen Sagebrecht
|
Batting: RHB Bubba Blevins
|
0-0: Ball 1-0: Called Strike 1-1: Foul Ball, location: 2F 1-2: Ball 2-2: Foul Ball, location: 2F 2-2: Ball 3-2: Foul Ball, location: 2F 3-2: Strikes out looking
|
Batting: RHB Jim Unknown
|
0-0: Swinging Strike 0-1: Foul Ball, location: 2F 0-2: Strikes out swinging
|
Batting: RHB Frank Crocker
|
0-0: Ball 1-0: Swinging Strike 1-1: SINGLE (Flyball, 8RS)
|
Batting: RHB Tom Potts
|
0-0: Ball Frank Crocker steals 2nd base 1-0: Ball 2-0: Called Strike 2-1: SINGLE (Line Drive, 7LS) Frank Crocker to third Runner from 3rd tries for Home, SAFE, no throw or cutoff
|
Batting: SHB Jared Jefferson
|
0-0: Ball Tom Potts steals 2nd base 1-0: Ball 2-0: Called Strike 2-1: Ball 3-1: Base on Balls
|
Batting: RHB Kyle Bridges
|
0-0: Foul Ball, location: 2F 0-1: Ground out 1-3 (Groundball, 15)
|
Top of the 2nd over - 1 run(s), 2 hit(s), 0 error(s), 2 left on base; Springfield 3 - Lancaster 0 |
BOTTOM OF THE 2ND |
Lancaster Farmers batting - Pitching for Springfield Shooters : RHP Jim Unknown
|
Batting: RHB António Jiménez
|
0-0: Ball 1-0: Called Strike 1-1: Swinging Strike 1-2: Strikes out swinging
|
Batting: LHB Ramón Gómez
|
0-0: Ball 1-0: Ball 2-0: Ball 3-0: Base on Balls
|
Batting: RHB Rodrigo Velasco
|
0-0: Called Strike 0-1: Ball 1-1: Called Strike 1-2: 2-RUN HOME RUN (Flyball, 7D), Distance : 397 ft
|
Batting: RHB Ricardo Pacheco
|
0-0: Ball 1-0: Foul Ball, location: 2F 1-1: Ground out 4-3 (Groundball, 34)
|
Batting: RHB Albert Díaz
|
0-0: Called Strike 0-1: Foul Ball, location: 2F 0-2: SINGLE (Groundball, 56D)
|
Batting: LHB Brad Tillman
|
0-0: SINGLE (Groundball, 4M) Albert Díaz to second Runner from 2nd tries for 3rd, OUT!
|
Bottom of the 2nd over - 2 run(s), 3 hit(s), 0 error(s), 1 left on base; Springfield 3 - Lancaster 2 |
TOP OF THE 3RD |
Springfield Shooters batting - Pitching for Lancaster Farmers : RHP Jurgen Sagebrecht
|
Batting: RHB Michael Hicks
|
0-0: SOLO HOME RUN (Flyball, 78XD), Distance : 428 ft
|
Batting: RHB Sergio Cortéz
|
0-0: Foul Ball, location: 2F 0-1: Ball 1-1: Ground out 5-3 (Groundball, 5S)
|
Batting: SHB Albert Santos
|
0-0: Ball 1-0: Ground out 4-3 (Groundball, 4)
|
Batting: RHB Bubba Blevins
|
0-0: Ball 1-0: Called Strike 1-1: Ball 2-1: Fly out, F7 (Line Drive, 78M)
|
Top of the 3rd over - 1 run(s), 1 hit(s), 0 error(s), 0 left on base; Springfield 4 - Lancaster 2 |
BOTTOM OF THE 3RD |
Lancaster Farmers batting - Pitching for Springfield Shooters : RHP Jim Unknown
|
Batting: LHB Rob Wilson
|
0-0: Foul Ball, location: 2F 0-1: Foul Ball, location: 2F 0-2: Ball 1-2: Foul Ball, location: 2F 1-2: Ball 2-2: Ball 3-2: Base on Balls
|
Batting: SHB Janghyun Sam
|
0-0: Swinging Strike 0-1: Ball 1-1: Called Strike 1-2: Strikes out swinging
|
Batting: SHB Orlando Miranda
|
0-0: Ball 1-0: Fly out, F9 (Flyball, 9M)
|
Batting: RHB António Jiménez
|
0-0: Swinging Strike 0-1: Ball 1-1: Ball 2-1: Fly out, F9 (Line Drive, 89S)
|
Bottom of the 3rd over - 0 run(s), 0 hit(s), 0 error(s), 1 left on base; Springfield 4 - Lancaster 2 |
TOP OF THE 4TH |
Springfield Shooters batting - Pitching for Lancaster Farmers : RHP Jurgen Sagebrecht
|
Batting: RHB Jim Unknown
|
0-0: Foul Ball, location: 2F 0-1: Ball 1-1: Ball 2-1: Ground out 5-3 (Groundball, 5L)
|
Batting: RHB Frank Crocker
|
0-0: Called Strike 0-1: Called Strike 0-2: Ball 1-2: Foul Ball, location: 2F 1-2: Foul Ball, location: 2F 1-2: SINGLE (Groundball, 56D)
|
Batting: RHB Tom Potts
|
0-0: Ball 1-0: Foul Ball, location: 2F 1-1: Called Strike 1-2: Ground out 5-3 (Groundball, 5S) Frank Crocker to second
|
Batting: SHB Jared Jefferson
|
0-0: Ball 1-0: Swinging Strike 1-1: SINGLE (Line Drive, 89S) Frank Crocker to third Runner from 3rd tries for Home, SAFE, no throw or cutoff
|
Batting: RHB Kyle Bridges
|
0-0: Ball 1-0: Called Strike 1-1: Ball 2-1: Foul Ball, location: 2F 2-2: Strikes out swinging
|
Top of the 4th over - 1 run(s), 2 hit(s), 0 error(s), 1 left on base; Springfield 5 - Lancaster 2 |
BOTTOM OF THE 4TH |
Lancaster Farmers batting - Pitching for Springfield Shooters : RHP Jim Unknown
|
Batting: LHB Ramón Gómez
|
0-0: Called Strike 0-1: Called Strike 0-2: Ball 1-2: Ground out U3 (Groundball, 3)
|
Batting: RHB Rodrigo Velasco
|
0-0: Ball 1-0: Called Strike 1-1: Foul Ball, location: 2F 1-2: Strikes out swinging
|
Batting: RHB Ricardo Pacheco
|
0-0: Fly out, F8 (Flyball, 8RS)
|
Bottom of the 4th over - 0 run(s), 0 hit(s), 0 error(s), 0 left on base; Springfield 5 - Lancaster 2 |
TOP OF THE 5TH |
Springfield Shooters batting - Pitching for Lancaster Farmers : RHP Jurgen Sagebrecht
|
Batting: RHB Michael Hicks
|
0-0: Called Strike 0-1: Swinging Strike 0-2: Strikes out swinging
|
Batting: RHB Sergio Cortéz
|
0-0: Ball 1-0: Called Strike 1-1: Ball 2-1: Ground out 5-3 (Groundball, 5S)
|
Batting: SHB Albert Santos
|
0-0: Called Strike 0-1: Called Strike 0-2: Ball 1-2: Strikes out swinging
|
Top of the 5th over - 0 run(s), 0 hit(s), 0 error(s), 0 left on base; Springfield 5 - Lancaster 2 |
BOTTOM OF THE 5TH |
Lancaster Farmers batting - Pitching for Springfield Shooters : RHP Jim Unknown
|
Batting: RHB Albert Díaz
|
0-0: Bunt missed! 0-1: Ball 1-1: Foul Ball, location: 2F 1-2: Ball 2-2: Ball 3-2: Base on Balls
|
Batting: LHB Brad Tillman
|
0-0: Ball 1-0: Swinging Strike 1-1: Foul Ball, location: 2F 1-2: Foul Ball, location: 2F 1-2: Ball 2-2: Grounds into double play, 4-6-3 (Groundball, 34)
|
Batting: LHB Rob Wilson
|
0-0: Ball 1-0: Ball 2-0: Ball 3-0: Called Strike 3-1: Fly out, F4 (Popup, 4MD)
|
Bottom of the 5th over - 0 run(s), 0 hit(s), 0 error(s), 0 left on base; Springfield 5 - Lancaster 2 |
TOP OF THE 6TH |
Springfield Shooters batting - Pitching for Lancaster Farmers : RHP Jurgen Sagebrecht
|
Batting: RHB Bubba Blevins
|
0-0: Ball 1-0: Called Strike 1-1: Foul Ball, location: 2F 1-2: SINGLE (Flyball, 8RS)
|
Batting: RHB Jim Unknown
|
0-0: Ball 1-0: Ball 2-0: Ball 3-0: Called Strike 3-1: Base on Balls Bubba Blevins to second
|
Batting: RHB Frank Crocker
|
0-0: Sac Bunt - play at first, batter OUT! 1-4 Bubba Blevins to third Jim Unknown to second
|
Batting: RHB Tom Potts
|
0-0: Ball 1-0: Ball 2-0: Ball 3-0: Called Strike 3-1: Base on Balls
|
Batting: SHB Jared Jefferson
|
0-0: Called Strike 0-1: Ball 1-1: Fielders Choice at 2nd, 6-4 (Groundball, 6) Bubba Blevins scores Jim Unknown to third
|
Pitching: LHP Will Clark
|
|
Batting: RHB Kyle Bridges
|
0-0: Ball 1-0: Fielders Choice at 2nd, 6-4 (Groundball, 6)
|
Top of the 6th over - 1 run(s), 1 hit(s), 0 error(s), 1 left on base; Springfield 6 - Lancaster 2 |
BOTTOM OF THE 6TH |
Lancaster Farmers batting - Pitching for Springfield Shooters : RHP Jim Unknown
|
Batting: SHB Janghyun Sam
|
0-0: Foul Ball, location: 2F 0-1: Foul Ball, location: 2F 0-2: Foul Ball, location: 2F 0-2: Fly out, F8 (Flyball, 8LM)
|
Batting: SHB Orlando Miranda
|
0-0: Ball 1-0: Swinging Strike 1-1: Swinging Strike 1-2: Ground out U3 (Groundball, 3L)
|
Batting: RHB António Jiménez
|
0-0: Ball 1-0: Swinging Strike 1-1: Ball 2-1: Ball 3-1: Base on Balls
|
Batting: LHB Ramón Gómez
|
0-0: Ball 1-0: Called Strike 1-1: Foul Ball, location: 2F 1-2: Foul Ball, location: 2F 1-2: Fly out, F8 (Flyball, 89XD)
|
Bottom of the 6th over - 0 run(s), 0 hit(s), 0 error(s), 1 left on base; Springfield 6 - Lancaster 2 |
TOP OF THE 7TH |
Springfield Shooters batting - Pitching for Lancaster Farmers : LHP Will Clark
|
Batting: RHB Michael Hicks
|
0-0: Foul Ball, location: 2F 0-1: Swinging Strike 0-2: Strikes out swinging
|
Batting: RHB Sergio Cortéz
|
0-0: Ball 1-0: Swinging Strike 1-1: Foul Ball, location: 2F 1-2: Strikes out swinging
|
Batting: SHB Albert Santos
|
0-0: Foul Ball, location: 2F 0-1: Swinging Strike 0-2: Strikes out swinging
|
Top of the 7th over - 0 run(s), 0 hit(s), 0 error(s), 0 left on base; Springfield 6 - Lancaster 2 |
BOTTOM OF THE 7TH |
Lancaster Farmers batting - Pitching for Springfield Shooters : RHP Jim Unknown
|
Batting: RHB Rodrigo Velasco
|
0-0: Ball 1-0: Ball 2-0: Ground out 6-3 (Groundball, 6M)
|
Batting: RHB Ricardo Pacheco
|
0-0: Ball 1-0: Foul Ball, location: 2F 1-1: Foul Ball, location: 2F 1-2: Ball 2-2: Foul Ball, location: 2F 2-2: Fly out, F8 (Flyball, 8LM)
|
Batting: RHB Albert Díaz
|
0-0: Called Strike 0-1: Bunt for hit - play at first, batter safe!
|
Pitching: RHP Jim Unknown
|
|
Batting: LHB Brad Tillman
|
0-0: Foul Ball, location: 2F 0-1: Ball 1-1: Called Strike 1-2: Ball 2-2: SINGLE (Groundball, 4M) Albert Díaz to second Runner from 2nd tries for 3rd, SAFE, no throw or cutoff
|
Batting: LHB Rob Wilson
|
0-0: Called Strike 0-1: Fly out, F7 (Flyball, 7S)
|
Bottom of the 7th over - 0 run(s), 2 hit(s), 0 error(s), 2 left on base; Springfield 6 - Lancaster 2 |
TOP OF THE 8TH |
Springfield Shooters batting - Pitching for Lancaster Farmers : LHP Will Clark
|
Batting: RHB Bubba Blevins
|
0-0: Swinging Strike 0-1: Swinging Strike 0-2: Fly out, F8 (Line Drive, 8LM)
|
Batting: RHB Jim Unknown
|
0-0: Ball 1-0: Called Strike 1-1: Ball 2-1: Foul Ball, location: 2F 2-2: Foul Ball, location: 2F 2-2: Foul Ball, location: 2F 2-2: Ball 3-2: Fly out, F9 (Flyball, 89D)
|
Batting: RHB Frank Crocker
|
0-0: Ball 1-0: Ground out 5-3 (Groundball, 5)
|
Top of the 8th over - 0 run(s), 0 hit(s), 0 error(s), 0 left on base; Springfield 6 - Lancaster 2 |
BOTTOM OF THE 8TH |
Lancaster Farmers batting - Pitching for Springfield Shooters : RHP Jim Unknown
|
Batting: SHB Janghyun Sam
|
0-0: SINGLE (Flyball, 8LS)
|
Batting: SHB Orlando Miranda
|
0-0: Called Strike 0-1: Called Strike 0-2: SINGLE (Groundball, 34) (infield hit) Janghyun Sam to second
|
Pitching: RHP Jim Unknown
|
|
Batting: RHB António Jiménez
|
0-0: Called Strike 0-1: Fly out, F4 (Line Drive, 4M)
|
Pitching: LHP Jim Unknown
|
|
Batting: LHB Ramón Gómez
|
0-0: Foul Ball, location: 2F 0-1: Ball 1-1: Ball 2-1: SINGLE (Line Drive, 7S) Janghyun Sam to third Orlando Miranda to second Runner from 3rd tries for Home, SAFE, no throw or cutoff
|
Pitching: RHP Jim Unknown
|
|
Batting: RHB Rodrigo Velasco
|
0-0: Called Strike 0-1: Swinging Strike 0-2: Strikes out looking
|
Batting: RHB Ricardo Pacheco
|
0-0: Ball 1-0: Fielders Choice at 2nd, 6-4 (Groundball, 6)
|
Bottom of the 8th over - 1 run(s), 3 hit(s), 0 error(s), 1 left on base; Springfield 6 - Lancaster 3 |
TOP OF THE 9TH |
Springfield Shooters batting - Pitching for Lancaster Farmers : LHP Will Clark
|
Batting: RHB Tom Potts
|
0-0: Called Strike 0-1: TRIPLE (Line Drive, 78M)
|
Batting: SHB Jared Jefferson
|
0-0: Foul Ball, location: 2F 0-1: Swinging Strike 0-2: Ball 1-2: Reached on error, E6 (Groundball, 6) Tom Potts scores
|
Batting: RHB Kyle Bridges
|
Pickoff Throw to First - Out! 0-0: Fly out, F9 (Flyball, 89D)
|
Batting: RHB Michael Hicks
|
0-0: Called Strike 0-1: Foul Ball, location: 2F 0-2: Strikes out swinging
|
Top of the 9th over - 1 run(s), 1 hit(s), 1 error(s), 0 left on base; Springfield 7 - Lancaster 3 |
BOTTOM OF THE 9TH |
Lancaster Farmers batting - Pitching for Springfield Shooters : RHP Jim Unknown
|
Pitching: LHP Jim Unknown
|
|
Batting: RHB Albert Díaz
|
0-0: Called Strike 0-1: Fly out, F6 (Popup, 56D)
|
Batting: LHB Brad Tillman
|
0-0: Called Strike 0-1: Called Strike 0-2: SINGLE (Flyball, 8LS) - OUT at second base trying to stretch hit.
|
Batting: LHB Rob Wilson
|
0-0: Ball 1-0: Foul Ball, location: 2F 1-1: Ball 2-1: Foul Ball, location: 2F 2-2: Ball 3-2: Ground out 3-1 (Groundball, 34)
|
Bottom of the 9th over - 0 run(s), 1 hit(s), 0 error(s), 0 left on base; Springfield 7 - Lancaster 3 |
|